 Dungeon Crawl Stone Soup version 0.29-a0-352-g0917bc69df (webtiles) character file.

Game seed: 8185263795281530618

2660 YayAnonymity the Blocker (level 9, -1/111 HPs)
             Began as a Gnoll Fighter on Apr 24, 2022.
             Was a Believer of Zin.
             Slain by a killer bee (3 damage)
             ... on level 7 of the Dungeon.
             The game lasted 00:07:46 (5840 turns).

YayAnonymity the Blocker (Gnoll Fighter)            Turns: 5840, Time: 00:07:47

Health: -1/111     AC: 11    Str: 17    XL:     9   Next: 63%
Magic:  24/24      EV:  9    Int: 10    God:    Zin [**....]
Gold:   490        SH: 19    Dex: 12    Spells: 16/16 levels left

rFire   . . .      SeeInvis .   a - +3 flail (venom)
rCold   + . .      Faith    .   u - +0 tower shield
rNeg    . . .      Spirit   .   g - +1 ring mail {Will+}
rPois   .          Reflect  +   (no helmet)
rElec   .          Harm     .   s - +1 cloak
rCorr   .          Rampage  .   m - +0 pair of gloves
Will    +....                   (no boots)
Stlth   ..........              e - amulet of reflection
HPRegen 0.28/turn               j - ring of magical power
MPRegen 0.19/turn               p - ring of protection from cold

@: berserking (expiring), lethally poisoned (-1 -> -7), very quick
A: fangs 1, strong nose, distributed training
a: Renounce Religion, Recite, Vitalisation, Donate Gold


You were on level 7 of the Dungeon.
You worshipped Zin.
Zin was pleased with you.
You visited 2 branches of the dungeon, and saw 8 of its levels.

You collected 544 gold pieces.
You donated 54 gold pieces to Zin.

Inventory:

Hand Weapons
 a - a +3 flail of venom (weapon)
Armour
 g - a +1 ring mail of willpower (worn)
 m - a +0 pair of gloves (worn)
 s - a +1 cloak (worn)
 u - a +0 tower shield (worn)
Jewellery
 e - an amulet of reflection (around neck)
 j - a ring of magical power (left hand)
 n - a ring of protection from fire
 p - a ring of protection from cold (right hand)
Wands
 h - a wand of acid (6)
Scrolls
 b - a scroll of blinking
 i - 2 scrolls of summoning
 k - 2 scrolls of identify
 o - a scroll of enchant armour
Potions
 c - a potion of ambrosia
 d - 2 potions of might
 f - 2 potions of flight
 v - a potion of attraction


   Skills:
 + Level 8.0 Fighting
 + Level 4.4 Short Blades
 + Level 4.4 Long Blades
 + Level 4.4 Axes
 + Level 6.4 Maces & Flails
 + Level 4.4 Polearms
 + Level 4.4 Staves
 + Level 4.4 Slings
 + Level 4.4 Bows
 + Level 4.4 Crossbows
 + Level 4.4 Throwing
 + Level 8.0 Armour
 + Level 4.4 Dodging
 + Level 4.4 Stealth
 + Level 8.0 Shields
 + Level 4.4 Unarmed Combat
 + Level 4.4 Spellcasting
 + Level 3.6 Conjurations
 + Level 3.6 Hexes
 + Level 3.6 Summonings
 + Level 3.6 Necromancy
 + Level 3.6 Translocations
 + Level 3.6 Transmutations
 + Level 3.6 Fire Magic
 + Level 3.6 Ice Magic
 + Level 3.6 Air Magic
 + Level 3.6 Earth Magic
 + Level 3.6 Poison Magic
 + Level 4.9 Invocations
 + Level 4.4 Evocations


You had 16 spell levels left.
You didn't know any spells.
Your spell library contained the following spells:

 Spells                   Type           Power      Damage    Failure   Level
 Sandblast                Erth           18%        2d7       56%         1
 Shock                    Conj/Air       36%        1d5       56%         1
 Sublimation of Blood     Necr           9%         N/A       71%         2
 Wereblood                Tmut           9%         N/A       71%         2
 Conjure Flame            Conj/Fire      9%         6-21      91%         3
 Ignite Poison            Fire/Tmut/Pois 9%         N/A       91%         3
 Swiftness                Air            9%         N/A       91%         3
 Airstrike                Air            4%         N/A       100%        4
 Animate Armour           Summ/Erth      18%        N/A       100%        4
 Flame Wave               Conj/Fire      9%         2d5       100%        4
 Sticky Flame             Conj/Fire      9%         2d3       100%        4
 Summon Hydra             Summ           4%         N/A       100%        7
 Shatter                  Erth           4%         3d8*      100%        9


Dungeon Overview and Level Annotations

Branches:
Dungeon (7/15)             Temple (1/1) D:5

Altars:
Ashenzari
Cheibriados
Dithmenos
Elyvilon
Fedhas
Gozag
Kikubaaqudgha
Makhleb
Nemelex Xobeh
Okawaru
Qazlal
Ru
Sif Muna
Trog
Uskayaw
Vehumet
Wu Jian
Xom
Yredelemnul
Zin

Shops:
D:4 [   D:6 (


Innate Abilities, Weirdness & Mutations

You have very sharp teeth.
Your uncanny sense of smell can sniff out nearby items.
Your experience applies equally to all skills.


Message History

The sky beast flickers out of sight!
Deactivating autopickup; reactivate with Ctrl-A.
You block the killer bee's attack. Joseph closely misses you.
You thump the killer bee!
The killer bee is poisoned.
You bite the killer bee.
You kill the killer bee!
You feel sick.
The killer bee stings you but does no damage.
You block the killer bee's attack. Joseph hits you with a +0 quarterstaff!
* * * LOW HITPOINT WARNING * * *
You thump Joseph!
Joseph is poisoned.
You bite Joseph.
Joseph is severely wounded.
You feel sick. You block the killer bee's attack. The killer bee stings you!
* * * LOW HITPOINT WARNING * * *
You block the killer bee's attack. The killer bee stings you!
* * * LOW HITPOINT WARNING * * *
Joseph closely misses you.
You sock Joseph!
Joseph looks as sick as possible!
Joseph is almost dead.
You feel sick.
You kill Joseph!
The killer bee barely misses you. You block the killer bee's attack.
The killer bee stings you but does no damage.
You block the killer bee's attack. The killer bee stings you.
* * * LOW HITPOINT WARNING * * *
You are lethally poisoned!
The killer bee poisons you!
Your Fighting skill increases to level 8!
Your Armour skill increases to level 8!
Your Shields skill increases to level 8!
You barely miss the killer bee.
* * * LOW HITPOINT WARNING * * *
You feel very sick.
You block the killer bee's attack. x3; A sky beast appears from thin air!
Reactivating autopickup.
You block the killer bee's attack. The killer bee barely misses you. x2
You barely miss the killer bee. Your bite misses the killer bee.
* * * LOW HITPOINT WARNING * * *
You feel sick. You block the killer bee's attack. x2
The killer bee barely misses you. The killer bee stings you.
You die...

∆ #.. ###.. #...####
#....... #.. ...... .
#.# #... ..# ...
##.##..# #.# #@Y.§#
.######.###yyy†.._...
.......o....#..##.#.#
#.....##....# .. #.<#
..##.# #
...............#
..##..##....$### .@..
....?... #....
.....##


You could see a sky beast and 3 killer bees.

Vanquished Creatures
  A two-headed ogre (D:6)
  Joseph (D:7)
  Grinder (D:3)
  2 ice beasts
  An ogre (D:4)
  2 phantoms
  2 scorpions
  4 wights (D:6)
  2 killer bees (D:7)
  A howler monkey (D:3)
  4 hounds
  A jelly (D:5)
  A gnoll shaman (D:4)
  2 orc priests
  6 iguanas
  Natasha (thrice) (D:2)
  An orc wizard (D:3)
  5 gnolls
  5 adders
  2 shadow imps
  A white imp (D:6)
  A worm (D:2)
  5 dart slugs
  16 orcs
  6 ball pythons
  2 bats
  12 endoplasms
  2 giant cockroaches
  6 goblins
  7 hobgoblins
  5 quokkas
  2 frilled lizards
  8 kobolds
  4 rats
  A butterfly (Temple)
125 creatures vanquished.

Vanquished Creatures (others)
  An orc wizard (D:7)
  3 plants (D:4)
4 creatures vanquished.

Grand Total: 129 creatures vanquished

Notes
Turn   | Place    | Note
-------+----------+-------------------------------------------
     0 | D:1      | YayAnonymity the Gnoll Fighter began the quest for the Orb.
     0 | D:1      | Reached XP level 1. HP: 23/23 MP: 1/1
   316 | D:1      | Reached XP level 2. HP: 28/29 MP: 2/2
   922 | D:2      | Found a faded altar of an unknown god.
   937 | D:2      | Reached XP level 3. HP: 35/35 MP: 3/3
  1053 | D:2      | Reached skill level 1 in Invocations
  1163 | D:2      | Noticed Natasha
  1168 | D:2      | Killed Natasha
  1169 | D:2      | Reached skill level 1 in Short Blades
  1169 | D:2      | Reached skill level 1 in Long Blades
  1169 | D:2      | Reached skill level 1 in Axes
  1169 | D:2      | Reached skill level 1 in Polearms
  1169 | D:2      | Reached skill level 1 in Staves
  1169 | D:2      | Reached skill level 1 in Slings
  1169 | D:2      | Reached skill level 1 in Bows
  1169 | D:2      | Reached skill level 1 in Crossbows
  1169 | D:2      | Reached skill level 1 in Throwing
  1169 | D:2      | Reached skill level 1 in Dodging
  1169 | D:2      | Reached skill level 1 in Stealth
  1169 | D:2      | Reached skill level 1 in Unarmed Combat
  1169 | D:2      | Reached skill level 1 in Spellcasting
  1169 | D:2      | Reached skill level 1 in Evocations
  1169 | D:2      | Reached XP level 4. HP: 32/41 MP: 5/5
  1203 | D:2      | Noticed Natasha
  1210 | D:2      | Killed Natasha
  1211 | D:2      | Reached skill level 1 in Conjurations
  1211 | D:2      | Reached skill level 1 in Hexes
  1211 | D:2      | Reached skill level 1 in Summonings
  1211 | D:2      | Reached skill level 1 in Necromancy
  1211 | D:2      | Reached skill level 1 in Translocations
  1211 | D:2      | Reached skill level 1 in Transmutations
  1211 | D:2      | Reached skill level 1 in Fire Magic
  1211 | D:2      | Reached skill level 1 in Ice Magic
  1211 | D:2      | Reached skill level 1 in Air Magic
  1211 | D:2      | Reached skill level 1 in Earth Magic
  1211 | D:2      | Reached skill level 1 in Poison Magic
  1273 | D:2      | Noticed Natasha
  1278 | D:2      | Killed Natasha
  1279 | D:2      | Reached XP level 5. HP: 41/47 MP: 6/6
  1941 | D:3      | Noticed Grinder
  1965 | D:3      | Killed Grinder
  1966 | D:3      | Reached skill level 5 in Maces & Flails
  1966 | D:3      | Reached XP level 6. HP: 52/53 MP: 9/9
  2071 | D:3      | Got the Collected Works on Lethal Stones
  2126 | D:3      | Found a sacrificial altar of Ru.
  2174 | D:3      | Noticed an ice beast
  2193 | D:3      | Killed an ice beast
  2194 | D:3      | Reached XP level 7. HP: 41/59 MP: 10/10
  2334 | D:3      | Found a hide-covered altar of Uskayaw.
  2334 | D:3      | Noticed a +0 falchion
  2335 | D:3      | Noticed a +0 dagger
  2335 | D:3      | Noticed a +0 short sword
  2336 | D:3      | Noticed a +0 short sword
  2336 | D:3      | Noticed a +0 falchion
  2337 | D:3      | Noticed a +0 spear
  2337 | D:3      | Noticed a +0 spear
  2352 | D:3      | Noticed a +0 dagger
  2461 | D:3      | Found a broken altar of Ashenzari.
  2966 | D:4      | Found Iqueffiaju's Antique Armour Emporium.
  3697 | D:4      | Reached XP level 8. HP: 67/67 MP: 12/12
  4068 | D:5      | Entered Level 5 of the Dungeon
  4139 | D:5      | Found a staircase to the Ecumenical Temple.
  4173 | Temple   | Entered the Ecumenical Temple
  4409 | D:5      | Found an ornate altar of the Wu Jian Council.
  4620 | D:5      | Found a shadowy altar of Dithmenos.
  4620 | D:5      | Found a shimmering altar of Xom.
  4859 | Temple   | Became a worshipper of Zin the Law-Giver
  4859 | Temple   | Reached * piety under Zin
  4859 | Temple   | Reached ** piety under Zin
  5691 | D:6      | Found Wereceptu's Antique Weapon Boutique.
  5726 | D:7      | Noticed a two-headed ogre
  5728 | D:7      | Noticed Joseph
  5735 | D:6      | Killed a two-headed ogre
  5736 | D:6      | Reached XP level 9. HP: 56/74 MP: 15/15
  5820 | D:7      | Found a snail-covered altar of Cheibriados.
  5838 | D:7      | Killed Joseph
  5838 | D:7      | HP: 5/111 [killer bee (4)]
  5840 | D:7      | HP: 2/111 [poisoned by a killer bee]
  5840 | D:7      | Slain by a killer bee

Illustrated notes

Levels and vault maps discovered:
D:1:      dpeg_arrival_rooms_with_view, layout_basic,
          chequers_serial_rivers_room_b, minmay_misc_feat_cross
D:2:      layout_loops_cross, hellmonk_ecumenical_altar_slurped_away,
          uniq_natasha
D:3:      layout_basic, nicolae_uskayaw_en_pointe,
          nicolae_ru_great_annihilating_truth, general_overflow_altar,
          kennysheep_generic_room_6, uniq_grinder
D:4:      layout_rooms, nicolae_stop_n_shop_1, serial_bayou_crossing
D:5:      layout_basic, pdpol_wu_jian_five_deadly_venoms,
          gammafunk_temple_overflow_statue, minmay_temple_entry_butterflies
D:6:      layout_basic, serial_shops, kennysheep_mini
D:7:      layout_rooms, lemuel_crystal_altar, chequers_garden, uniq_joseph
Temple:   nicolae_temple_figure_eight

Skill      XL: |  1  2  3  4  5  6  7  8  9 |
---------------+----------------------------+-----
Invocations    | 1 2 3 4 |  4.9
Short Blades   | 1 2 4 |  4.4
Long Blades    | 1 2 4 |  4.4
Axes           | 1 2 4 |  4.4
Polearms       | 1 2 4 |  4.4
Staves         | 1 2 4 |  4.4
Slings         | 1 2 4 |  4.4
Bows           | 1 2 4 |  4.4
Crossbows      | 1 2 4 |  4.4
Throwing       | 1 2 4 |  4.4
Dodging        | 1 2 4 |  4.4
Stealth        | 1 2 4 |  4.4
Unarmed Combat | 1 2 4 |  4.4
Spellcasting   | 1 2 4 |  4.4
Evocations     | 1 2 4 |  4.4
Conjurations   | 1 2 3 |  3.6
Hexes          | 1 2 3 |  3.6
Summonings     | 1 2 3 |  3.6
Necromancy     | 1 2 3 |  3.6
Translocations | 1 2 3 |  3.6
Transmutations | 1 2 3 |  3.6
Fire Magic     | 1 2 3 |  3.6
Ice Magic      | 1 2 3 |  3.6
Air Magic      | 1 2 3 |  3.6
Earth Magic    | 1 2 3 |  3.6
Poison Magic   | 1 2 3 |  3.6
Maces & Flails | 5 6 |  6.4
Fighting       | 7 8 |  8.0
Armour         | 7 8 |  8.0
Shields        | 7 8 |  8.0

Action                   |  1- 3 |  4- 6 |  7- 9 || total
-------------------------+-------+-------+-------++-------
Melee: Flail             |    78 |   115 |   238 ||   431
       Bite              |     5 |    15 |    27 ||    47
  Use: Scroll            |       |       |    15 ||    15
       Potion            |       |       |     3 ||     3
 Stab: Paralysed         |       |     1 |       ||     1
       Distracted        |       |       |     1 ||     1
Armor: Scale mail        |    13 |       |       ||    13
       Ring mail         |    22 |    44 |    92 ||   158
Dodge: Dodged            |    31 |    47 |    65 ||   143
Block: Buckler           |    18 |    20 |       ||    38
       Tower shield      |       |    39 |   242 ||   281
       Reflection        |       |       |     6 ||     6

Table legend: (Time is in decaauts)
 A = Elapsed time spent in this place.
 B = Non-inter-level travel time spent in this place.
 C = Inter-level travel time spent in this place.
 D = Time resting spent in this place.
 E = Time spent auto-exploring this place.
 F = Levels seen in this place.
 G = Mean time per level.
                   A        B        C        D        E       F      G
               +--------+--------+--------+--------+--------+-----+--------+
         Total |   5999 |   5774 |    225 |     82 |   4560 |   8 |  749.9 |
       Dungeon |   5738 |   5534 |    204 |     82 |   4343 |   7 |  819.7 |
        Temple |    261 |    240 |     21 |      0 |    217 |   1 |  261.0 |
               +--------+--------+--------+--------+--------+-----+--------+

Top non-repeatable levels by time:
     D:4: 1163 daAuts
     D:2: 1060 daAuts
     D:3: 1045 daAuts
     D:1: 907 daAuts
     D:6: 811 daAuts
     D:5: 719 daAuts
  Temple: 261 daAuts
     D:7: 31 daAuts
